 Dungeon Crawl Stone Soup version 0.31-a0-702-gf82c85558f (webtiles) character file.

Game seed: 15175353250553912117

17 Xavori the Trooper (level 2, -1/21 HPs)
             Began as an Octopode Chaos Knight on Sept 8, 2023.
             Was a Plaything of Xom.
             Slain by an endoplasm (2 damage)
             ... on level 1 of the Dungeon.
             The game lasted 00:00:26 (224 turns).

Xavori the Trooper (Octopode Chaos Knight)           Turns: 224, Time: 00:00:26

Health: -1/21      AC:  1    Str: 11    XL:     2   Next: 62%
Magic:  2/2        EV: 13    Int: 14    God:    Xom [....*.]
Gold:   19         SH:  0    Dex: 11    Spells: 1/1 levels left

rFire   . . .        a - +0 short sword (chaos)
rCold   . . .        (no shield)
rNeg    . . .        (helmet restricted)
rPois   .            (no amulet)
rElec   .            (no ring)
rCorr   .            (no ring)
SInv    .            (no ring)
Will    .....        (no ring)
Stlth   ++           (no ring)
HPRegen 0.23/turn    (no ring)
MPRegen 0.08/turn    (no ring)
                     (no ring)

%: no passive effects
@: no status effects
A: almost no armour, amphibious, 8 rings, camouflage 1, gelatinous body 1,
(nimble swimmer 1), tentacles
a: Renounce Religion


You were on level 1 of the Dungeon.
You worshipped Xom.
You were a beloved toy of Xom.
You visited 1 branch of the dungeon, and saw 1 of its levels.

You collected 19 gold pieces.

Inventory:

Hand Weapons
 a - a +0 short sword of chaos (weapon)
Scrolls
 b - a scroll of butterflies
 e - a scroll of immolation {unknown}
Potions
 c - a potion of invisibility {unknown}
 d - a potion of haste {unknown}


   Skills:
 + Level 3.3 Fighting
 + Level 3.3 Short Blades
 + Level 2.6 Dodging
 + Level 0.8 Stealth


You had one spell level left.
You didn't know any spells.
Your spell library contained the following spells:

 Spells                   Type           Power      Damage    Failure   Level
 Freeze                   Ice            0%         1d3       28%         1
 Frozen Ramparts          Ice            0%         1d1       65%         3
 Hailstorm                Conj/Ice       0%         3d3       65%         3


Dungeon Overview and Level Annotations

Branches:
Dungeon (1/15)

Altars:


Innate Abilities, Weirdness & Mutations

You cannot wear most types of armour.
You are amphibious.
You can wear up to eight rings at the same time.
Your skin changes colour to match your surroundings (Stealth+).
Your rubbery body absorbs attacks. (AC +1, EV +1)
((You are camouflaged when in or above water. (Stealth+)))
You have tentacles for arms and can constrict up to eight enemies at once.


Message History

There are monsters nearby!
There are monsters nearby!
You barely miss the kobold. You grab the kobold.
You squeeze the kobold, but do no damage.
You constrict the kobold, but do no damage.
The kobold misses you.
You hit the kobold but do no damage. You squeeze the kobold.
You kill the kobold!
The endoplasm freezes you.
You are frozen.
You hit the goblin. Lightning courses through the goblin!
You kill the goblin!
The bat barely misses you. The endoplasm freezes you.
You are frozen.
You are too injured to fight recklessly!
Unknown command.
You are too injured to fight recklessly!
You are too injured to fight recklessly!
Unknown command.
You are too injured to fight recklessly!
The endoplasm freezes you.
You are frozen.
* * * LOW HITPOINT WARNING * * *
Things that are here:
a +0 dagger; a goblin corpse The bat misses you.
The endoplasm freezes you.
You are frozen.
You die... "What?
Wait, NO!"
Xom revives you!
You hit the endoplasm but do no damage. The bat barely misses you.
The bat closely misses you.
You hit the endoplasm.
The endoplasm is duplicated!
You squeeze the endoplasm, but do no damage.
The endoplasm is severely wounded.
The bat hits you but does no damage. The endoplasm hits you.
You die... "I guess I need a new plaything now."

#.......####
.........# #.#####.#
# ##........# #.# #
..........#
#.#####.####
#........#
#...........
#........#
#######.####
#........# #.#
##........# #.#
.......@J.# #.#
##.....)J##########.#
#.....b.††.........#
#.....)..###########
#......†.#
#..#........
..##.......... ##
#..........#
#..........#


You could see 2 endoplasms and a bat.

Vanquished Creatures
  2 dart slugs (D:1)
  3 bats (D:1)
  A goblin (D:1)
  A hobgoblin (D:1)
  A quokka (D:1)
  3 ball pythons (D:1)
  2 kobolds (D:1)
  A rat (D:1)
14 creatures vanquished.

Notes
Turn   | Place    | Note
-------+----------+-------------------------------------------
     0 | D:1      | Xavori the Octopode Chaos Knight began the quest for the
                  | Orb.
     0 | D:1      | Reached XP level 1. HP: 16/16 MP: 1/1
    57 | D:1      | Reached XP level 2. HP: 14/21 MP: 2/2
   145 | D:1      | XOM: divination: detect items
   203 | D:1      | XOM: silly message
   222 | D:1      | Xom revived you
   224 | D:1      | Slain by an endoplasm

Illustrated notes

Levels and vault maps discovered:
D:1:      elethiomel_arrival_infinity_welcomes_careful_drivers, layout_basic

Action                     || total
---------------------------++-------
  Melee: Short sword       ||    26
         Constrict         ||     7
         Tentacles         ||     8
   Stab: Sleeping          ||     1
 Armour: Skin              ||    13
  Dodge: Dodged            ||    14

Table legend: (Time is in decaauts)
 A = Elapsed time spent in this place.
 B = Non-inter-level travel time spent in this place.
 C = Inter-level travel time spent in this place.
 D = Time resting spent in this place.
 E = Time spent auto-exploring this place.
 F = Levels seen in this place.
 G = Mean time per level.
                   A        B        C        D        E       F      G
               +--------+--------+--------+--------+--------+-----+--------+
         Total |    219 |    219 |      0 |      0 |    164 |   1 |  219.0 |
       Dungeon |    219 |    219 |      0 |      0 |    164 |   1 |  219.0 |
               +--------+--------+--------+--------+--------+-----+--------+

Top non-repeatable levels by time:
     D:1: 219 daAuts
